 Dungeon Crawl Stone Soup version 0.28-a0-691-gad6df49e81 (webtiles) character file.

Game seed: 3494638921825504969

39 mordus the Shield-Bearer (level 3, -2/29 HPs)
             Began as a Formicid Fighter on Oct 20, 2021.
             Slain by a gnoll (3 damage)
             ... on level 1 of the Dungeon.
             The game lasted 00:02:15 (1290 turns).

mordus the Shield-Bearer (Formicid Fighter)         Turns: 1290, Time: 00:02:16

Health: -2/29      AC:  8    Str: 21    XL:     3   Next: 67%
Magic:  3/3        EV:  9    Int:  7    God:
Gold:   83         SH:  4    Dex: 10    Spells: 2/2 levels left

rFire   . . .      SeeInvis +   a - +0 flail
rCold   . . .      Faith    .   c - +0 buckler
rNeg    . . .      Spirit   .   b - +0 scale mail
rPois   .          Reflect  .   (helmet unavailable)
rElec   .          Harm     .   (no cloak)
rCorr   .          Rampage  .   e - +0 pair of gloves
Will    .....                   (no boots)
Stlth   ..........              j - amulet of the acrobat
HPRegen 0.09/turn               (no ring)
MPRegen 0.08/turn               (no ring)

@: no status effects
A: permanent stasis, dig shafts and tunnels, antennae 3, four strong arms
a: Dig, Shaft Self


You were on level 1 of the Dungeon.
You visited 1 branch of the dungeon, and saw 2 of its levels.

You collected 83 gold pieces.

Inventory:

Hand Weapons
 a - a +0 flail (weapon)
Armour
 b - a +0 scale mail (worn)
 c - a +0 buckler (worn)
 e - a +0 pair of gloves (worn)
Jewellery
 j - an amulet of the acrobat (around neck)
Scrolls
 f - a scroll of brand weapon {unknown}
 h - a scroll of blinking {unknown}
Potions
 d - a potion of might
 g - 2 potions of attraction {unknown}
 i - a potion of heal wounds {unknown}


   Skills:
 - Level 3.2 Fighting
 * Level 3.0 Maces & Flails
 + Level 3.7 Armour
 + Level 4.1 Shields


You had 2 spell levels left.
You didn't know any spells.
Your spell library was empty.

Dungeon Overview and Level Annotations

Branches:
Dungeon (2/15)

Altars:


Innate Abilities, Weirdness & Mutations

You cannot be hasted, slowed, berserked, paralysed or teleported.
You can dig through walls and to a lower floor.
You have a pair of large antennae on your head. (SInv)
Your four strong arms can wield two-handed weapons with a shield.


Message History

The gnoll shouts! x2; You hear an angry hiss.
The frilled lizard completely misses you.
There are monsters nearby!
You closely miss the frilled lizard. You block the frilled lizard's attack.
There are monsters nearby!
Your scale mail prevents you from hitting the gnoll.
The gnoll hits you with a +0 whip. The frilled lizard barely misses you.
There are monsters nearby!
You thump the gnoll!
The gnoll is severely wounded.
The gnoll hits you with a +0 whip. You block the frilled lizard's attack.
The gnoll hits you but does no damage.
There are monsters nearby!
You barely miss the gnoll.
The gnoll is severely wounded.
The frilled lizard closely misses you. The gnoll hits you with a +0 flail.
The gnoll hits you with a +0 whip!
The frilled lizard bites you but does no damage.
The gnoll closely misses you.
There are monsters nearby!
You barely miss the gnoll.
The gnoll is severely wounded.
A frilled lizard comes into view.
The gnoll hits you with a +0 whip. You block the frilled lizard's attack.
The gnoll hits you with a +0 flail!
* * * LOW HITPOINT WARNING * * *
There are monsters nearby!
The gnoll completely misses you. The gnoll barely misses you.
You see here a +0 ring mail.
There is an escape hatch in the ceiling here.
You block the gnoll's attack. The gnoll barely misses you. x2
A mysterious force pulls you upwards. The hatch slams shut behind you.
You completely miss the gnoll. The gnoll hits you but does no damage.
You block the gnoll's attack. The gnoll hits you with a +0 flail.
* * * LOW HITPOINT WARNING * * *
You sock the gnoll!
You kill the gnoll!
The gnoll hits you but does no damage. The gnoll hits you with a +0 whip.
You die...

#########.#.#.##.#
#......)..#.#.##.#
#.#########....#.# #.# #......#
#.# ##.....# ### #.#
####.#..###########
#.###.########.................#
...............####.#.###)####.#
...............)@g#.#.# #.# ##.##
....#.##.####.###g#.#.###.###...#
#.#.#.##.# #.# #.#.#.#..........
#.#.#.##.# #.# #.#.#.#.###.#...#
#.#.#.#..####.# #.#.....# #.##.##
#.#.#.......#.# #.#.###.# #.##.#
#.#.###.###.#.# #...# #.# #.##.#
............#.# #.#.###.###.##.#
#.#.###.#####.# #.#............#


You could see 2 gnolls.

Vanquished Creatures
  An adder (D:2)
  A gnoll (D:1)
  2 dart slugs
  3 bats (D:1)
  An endoplasm (D:1)
  3 quokkas (D:1)
  3 ball pythons (D:1)
  2 frilled lizards
  4 goblins (D:1)
  3 kobolds (D:1)
  2 rats (D:1)
25 creatures vanquished.

Notes
Turn   | Place    | Note
-------+----------+-------------------------------------------
     0 | D:1      | mordus the Formicid Fighter began the quest for the Orb.
     0 | D:1      | Reached XP level 1. HP: 18/18 MP: 1/1
   203 | D:1      | Reached XP level 2. HP: 23/24 MP: 2/2
   538 | D:1      | Reached XP level 3. HP: 29/29 MP: 3/3
   679 | D:1      | Reached skill level 4 in Shields
   759 | D:1      | Found a faded altar of an unknown god.
  1289 | D:1      | HP: 1/29 [gnoll (5)]
  1290 | D:1      | Slain by a gnoll

Illustrated notes

Levels and vault maps discovered:
D:1:      minmay_arrival_three_doors, layout_loops_ring,
          dreamdust_ecumenical_altar_grove
D:2:      layout_basic, wander_ebering_terrifying_dragon_lair

Skill      XL: |  1  2  3 |
---------------+----------+-----
Shields        | 4 |  4.1
Maces & Flails | 3 |  3.0
Fighting       | |  3.2
Armour         | |  3.7

Action                   || total
-------------------------++-------
Melee: Flail             ||    81
Armor: Scale mail        ||    43
Dodge: Dodged            ||    42
Block: Buckler           ||    17

Table legend: (Time is in decaauts)
 A = Elapsed time spent in this place.
 B = Non-inter-level travel time spent in this place.
 C = Inter-level travel time spent in this place.
 D = Time resting spent in this place.
 E = Time spent auto-exploring this place.
 F = Levels seen in this place.
 G = Mean time per level.
                   A        B        C        D        E       F      G
               +--------+--------+--------+--------+--------+-----+--------+
         Total |   1312 |   1290 |     22 |    194 |    860 |   2 |  656.0 |
       Dungeon |   1312 |   1290 |     22 |    194 |    860 |   2 |  656.0 |
               +--------+--------+--------+--------+--------+-----+--------+

Top non-repeatable levels by time:
     D:1: 905 daAuts
     D:2: 407 daAuts
